 Dungeon Crawl Stone Soup version 0.21-a0-450-gd87a9b2 (webtiles) character file.

576 theanonym the Cleaver (level 7, -5/57 HPs)
             Began as a Hill Orc Monk on Nov 18, 2017.
             Killed by nerve-wracking pain
             ... invoked by an orc priest
              (8 damage)
             ... on level 4 of the Dungeon.
             The game lasted 00:07:07 (4598 turns).

theanonym the Cleaver (Hill Orc Monk)               Turns: 4598, Time: 00:07:08

Health: -5/57      AC:  6    Str: 16    XL:     7   Next: 35%
Magic:  0/7        EV: 11    Int: 10    God:
Gold:   156        SH:  0    Dex: 13    Spells: 6/6 levels left

rFire    . . .     SeeInvis +   a - +0 hand axe
rCold    . . .     Gourm    .   (no shield)
rNeg     . . .     Faith    .   d - +0 ring mail
rPois    .         Spirit   +   n - +0 helmet
rElec    .         Reflect  .   (no cloak)
rCorr    .         Harm     .   (no gloves)
MR       .....                  (no boots)
Stlth    +.........             l - amulet of guardian spirit {Spirit}
HPRegen  0.19/turn              m - ring of flight {+Fly}
MPRegen  0.10/turn              w - ring of see invisible {sInv}

@: very slightly contaminated, invisible
A: no striking features
a: Evoke Flight


   Skills:
 + Level 3.6 Fighting
 * Level 10.7 Axes
 - Level 2.4 Dodging
 - Level 1.5 Stealth


You had 6 spell levels left.
You didn't know any spells.

Skill      XL: |  1  2  3  4  5  6 |
---------------+-------------------+-----
Axes           | 5 6 8 9 10 | 10.7
Fighting       | |  3.6
Dodging        | |  2.4
Stealth        | |  1.5

Action                   |  1- 3 |  4- 6 |  7- 9 || total
-------------------------+-------+-------+-------++-------
Melee: Hand axe          |   125 |   218 |    23 ||   366
Throw: Tomahawk          |       |     4 |       ||     4
  Use: Scroll            |     2 |     4 |       ||     6
       Potion            |       |     4 |     1 ||     5
 Stab: Sleeping          |       |     2 |       ||     2
  Eat: Chunk             |     2 |     7 |       ||     9
       Fruit             |       |     2 |       ||     2
Armor: Ring mail         |    48 |    60 |     4 ||   112
Dodge: Dodged            |    84 |    85 |    12 ||   181

Inventory:

Hand Weapons
 a - a +0 hand axe (weapon)
Missiles
 p - 8 silver tomahawks
 r - 4 tomahawks (quivered)
Armour
 b - a +0 robe
 d - a +0 ring mail (worn)
   (You found it on level 1 of the Dungeon)
 n - a +0 helmet (worn)
   (You found it on level 2 of the Dungeon)
 s - a +0 large shield
   (You found it on level 2 of the Dungeon)
Jewellery
 l - an amulet of guardian spirit (around neck) {Spirit}
   (You found it on level 1 of the Dungeon)
 m - a ring of flight (left hand) {+Fly}
   (You found it on level 2 of the Dungeon)
 w - a ring of see invisible (right hand) {sInv}
   (You found it on level 3 of the Dungeon)
Wands
 z - a wand of random effects (37/48)
   (You took it off Ijyb on level 3 of the Dungeon)
Scrolls
 f - a scroll of enchant weapon {unknown}
 g - 3 scrolls of remove curse
 k - 2 scrolls of teleportation {unknown}
 o - a scroll of magic mapping {unknown}
 q - a scroll of immolation {unknown}
 t - a scroll of random uselessness {unknown}
 u - 2 scrolls of recharging {unknown}
 v - a scroll of enchant armour {unknown}
 y - a scroll of blinking {unknown}
Potions
 e - a potion of magic
 i - 3 potions of degeneration
 x - a potion of invisibility
Comestibles
 c - 3 bread rations
 h - 2 fruits
 j - 3 meat rations

Dungeon Overview and Level Annotations

Branches:
Dungeon (4/15)             Temple (1/1) D:4

Altars:
Ashenzari
Cheibriados
Elyvilon
Fedhas
Gozag
Hepliaklqana
Kikubaaqudgha
Qazlal
Ru
Sif Muna
Uskayaw
Vehumet
Zin
The Shining One


You were on level 4 of the Dungeon.
You were very hungry.

You visited 2 branches of the dungeon, and saw 5 of its levels.

You collected 156 gold pieces.


Message History

The orc barely misses you.
You closely miss the orc. The orc barely misses you.
You hit the orc. The orc closely misses you.
You barely miss the orc. You hit the orc. The orc barely misses you.
You barely miss the orc. The orc hits you with a hand axe.
You take 2 damage, and have 55/57 hp.
You hit the orc.
You kill the orc!
No target in view!
No target in view!
p - 7 silver tomahawks
u - 2 scrolls labeled QOW ONUCKAKKUT (gained 1)
You see here a hand axe.
p - 8 silver tomahawks (gained 1)
Things that are here:
a jackal skeleton x3
x - 2 potions of invisibility (gained 1)
An orc wizard comes into view. It is wielding a dagger.
You are feeling very hungry.
Health restored: 57 An orc wizard is nearby!
An orc wizard is nearby!
An orc wizard is nearby!
The orc wizard shouts!
An orc comes into view.
The orc wizard gestures wildly while chanting.
The orc wizard blinks!
An orc priest comes into view. It is wielding a flail.
The orc priest shouts!
The orc priest calls down the wrath of Beogh upon you.
Beogh smites you! The orc barely misses you.
You take 10 damage, and have 47/57 hp.
You now have 6/7 mp.
You barely miss the orc.
The orc wizard mumbles some strange words.
The orc wizard blinks!
The orc barely misses you.
The orc priest shouts, "Join the one true god or die!"
The orc priest hits you but does no damage.
The orc closely misses you.
You hit the orc priest but do no damage.
You hit the orc.
The orc priest invokes the aid of Beogh against you.
Beogh smites you! The orc hits you.
You take 14 damage, and have 33/57 hp.
MASSIVE DAMAGE!!
You now have 4/7 mp.
You hit the orc priest. You hit the orc.
You kill the orc!
The orc priest casts a cantrip, but nothing happens.
You hit the orc priest.
You hit the orc priest but do no damage.
The orc priest completely misses you.
You closely miss the orc priest. The orc priest hits you with a flail.
* * * LOW HITPOINT WARNING * * *
You take 5 damage, and have 28/57 hp.
You now have 3/7 mp.
You hit the orc priest but do no damage.
You hit the orc priest but do no damage.
The orc priest closely misses you.
You hit the orc priest but do no damage.
The orc priest miscasts a cantrip.
You hit the orc priest. You hit the orc wizard.
The orc wizard barely misses you.
You hit the orc priest but do no damage.
You hit the orc wizard but do no damage.
The orc priest hits you but does no damage.
The orc wizard hits you but does no damage.
You hit the orc priest. You hit the orc wizard.
The orc priest hits you with a flail.
* * * LOW HITPOINT WARNING * * *
You take 5 damage, and have 24/57 hp.
You hit the orc priest but do no damage.
You closely miss the orc wizard.
The orc wizard hits you but does no damage.
You barely miss the orc priest. You closely miss the orc wizard.
The orc priest hits you with a flail!
* * * LOW HITPOINT WARNING * * *
The orc wizard hits you with a dagger.
* * * LOW HITPOINT WARNING * * *
You take 11 damage, and have 13/57 hp.
You now have 3/7 mp.
You hit the orc priest.
The orc priest shouts, "Join the one true god or die!"
You hit the orc wizard but do no damage.
The orc wizard hits you with a dagger.
* * * LOW MAGIC WARNING * * *;
* * * LOW HITPOINT WARNING * * *
The orc priest closely misses you.
You take 2 damage, and have 11/57 hp.
You now have 2/7 mp.
You fade into invisibility!
The orc wizard hits you but does no damage.
You are very lightly contaminated with residual magic.
You hit the orc priest. You barely miss the orc wizard.
The orc priest mumbles some strange prayers to Beogh against you.
Pain shoots through your body!
* * * LOW MAGIC WARNING * * *;
* * * LOW HITPOINT WARNING * * *
You take 5 damage, and have 7/57 hp.
You now have 1/7 mp.
You completely miss the orc priest. You miss the orc wizard.
The orc wizard hits you with a dagger.
* * * LOW MAGIC WARNING * * *;
* * * LOW HITPOINT WARNING * * *
The orc priest hits you but does no damage.
You take 4 damage, and have 3/57 hp.
You now have 0/7 mp.
The orc priest calls down the wrath of Beogh upon you.
Pain shoots through your body!
You die...

### ..### ....#
#...# .. #...# ...
#...# .<...
#####o..#
.....#####...†@..#
.....##.....o..##
#.........######
#......## ##....##
#....## ##.....#
###......##
####..)......#


You could see an orc priest and an orc wizard.

Notes
Turn   | Place    | Note
-------+----------+-------------------------------------------
     0 | D:1      | theanonym the Hill Orc Monk began the quest for the Orb.
     0 | D:1      | Reached XP level 1. HP: 19/19 MP: 1/1
   324 | D:1      | Reached XP level 2. HP: 26/26 MP: 2/2
   443 | D:1      | Reached skill level 5 in Axes
   782 | D:1      | Reached XP level 3. HP: 31/31 MP: 3/3
  1341 | D:2      | Reached skill level 6 in Axes
  1503 | D:2      | Reached XP level 4. HP: 32/39 MP: 4/4
  1896 | D:2      | Found a hazy altar of Hepliaklqana.
  2142 | D:3      | Noticed theanonym's ghost (amateur HOMo)
  2243 | D:3      | Reached skill level 7 in Axes
  2460 | D:3      | HP: 17/39 [theanonym's ghost (4)]
  2465 | D:3      | HP: 12/39 [theanonym's ghost (5)]
  2470 | D:3      | HP: 7/39 [theanonym's ghost (6)]
  2475 | D:3      | Killed theanonym's ghost
  2475 | D:3      | Reached skill level 8 in Axes
  2475 | D:3      | Reached XP level 5. HP: 13/45 MP: 0/5
  3139 | D:4      | Noticed an ice beast
  3203 | D:4      | Found a staircase to the Ecumenical Temple.
  3226 | Temple   | Entered the Ecumenical Temple
  3616 | D:4      | HP: 19/45 [ice beast (7)]
  3622 | D:4      | HP: 18/45 [ice beast (1)]
  3627 | D:4      | Killed an ice beast
  3627 | D:4      | Reached skill level 9 in Axes
  3627 | D:4      | Reached XP level 6. HP: 27/51 MP: 2/6
  3790 | D:4      | Found a blossoming altar of Fedhas.
  3844 | D:4      | HP: 24/51 [orc priest/falchion (5)]
  3849 | D:4      | HP: 17/51 [orc priest/falchion (3)]
  4091 | D:4      | Noticed Ijyb
  4092 | D:4      | Noticed Grinder
  4136 | D:3      | Killed Ijyb
  4282 | D:4      | HP: 24/51 [Grinder (6)]
  4283 | D:4      | HP: 11/51 [Grinder (4)]
  4285 | D:4      | Killed Grinder
  4285 | D:4      | Reached skill level 10 in Axes
  4285 | D:4      | Reached XP level 7. HP: 12/57 MP: 2/7
  4584 | D:4      | HP: 28/57 [orc priest/flail (5)]
  4590 | D:4      | HP: 24/57 [orc priest/flail (5)]
  4593 | D:4      | HP: 11/57 [orc wizard/dagger (2)]
  4596 | D:4      | HP: 3/57 [orc wizard/dagger (4)]
  4598 | D:4      | Killed from afar by an orc priest

Vanquished Creatures
  Grinder (D:4)
  An ice beast (D:4)
  The ghost of theanonym the Chopper, an amateur HOMo (D:3)
  An orc priest (D:4)
  Ijyb (D:3)
  A worker ant (D:4)
  5 adders
  An ooze (D:2)
  A worm (D:2)
  2 dart slugs
  4 leopard geckos
  7 orcs
  8 bats
  3 giant cockroaches (D:1)
  9 hobgoblins
  5 jackals
  4 kobolds
  A quokka (D:4)
  A ball python (D:2)
  A ball python skeleton (D:3)
  4 frilled lizards
  5 goblins
  A quokka skeleton (D:4)
  7 rats
75 creatures vanquished.
